 Dungeon Crawl Stone Soup version 0.30-a0-219-gf2db51d15e (webtiles) character file.

Game seed: 7934779185909265024

825 heikuro the Shield-Bearer (level 8, -20/62 HPs)
             Began as a Formicid Fighter on Oct 8, 2022.
             Was a High Priest of Jiyva.
             Demolished by an ogre
             ... wielding a +0 giant club
              (27 damage)
             ... on level 5 of the Dungeon.
             The game lasted 00:09:01 (4149 turns).

heikuro the Shield-Bearer (Formicid Fighter)        Turns: 4149, Time: 00:09:02

Health: -20/62     AC:  5    Str: 22    XL:     8   Next: 17%
Magic:  8/8        EV: 10    Int:  9    God:    Jiyva [*****.]
Gold:   64         SH:  5    Dex: 13    Spells: 7/7 levels left

rFire   . . .      SeeInvis +    a - +0 trident
rCold   + . .      Faith    .    c - +0 buckler
rNeg    . . .      Spirit   .    n - +2 ring mail {rC+}
rPois   .          Reflect  .    (helmet unavailable)
rElec   .          Harm     .    (no cloak)
rCorr   +          Rampage  .    (no gloves)
Will    .....                    (no boots)
Stlth   +.........               (no amulet)
HPRegen 1.74/turn                (no ring)
MPRegen 0.56/turn                (no ring)

@: no status effects
A: permanent stasis, dig shafts and tunnels, antennae 3, four strong arms,
eyeballs 2, pseudopods 3, jelly sensing items, jelly absorbing missiles
a: Dig, Shaft Self, Renounce Religion, Oozemancy, Slimify


You were on level 5 of the Dungeon.
You worshipped Jiyva.
Jiyva was extremely pleased with you.
You visited 1 branch of the dungeon, and saw 6 of its levels.

You collected 64 gold pieces.

Inventory:

Hand Weapons
 a - a +0 trident (weapon)
Missiles
 l - a boomerang of dispersal
Armour
 c - a +0 buckler (worn)
 n - a +2 ring mail of cold resistance (worn)
Wands
 h - a wand of digging (4)
 j - a wand of charming (6)
Scrolls
 e - a scroll of teleportation {unknown}
 f - 2 scrolls of identify {unknown}
 k - a scroll of poison {unknown}
Potions
 b - a potion of might
 d - a potion of curing {unknown}
 g - a potion of ambrosia {unknown}
 i - a potion of flight {unknown}
 m - a potion of lignification {unknown}


   Skills:
 + Level 5.0 Fighting
 * Level 5.3 Polearms
 + Level 5.1 Armour
 + Level 6.0 Shields
 + Level 3.3 Evocations


You had 7 spell levels left.
You didn't know any spells.
Your spell library was empty.

Dungeon Overview and Level Annotations

Branches:
Dungeon (6/15)
 Temple: D:4-7

Altars:
Cheibriados
Wu Jian
Jiyva


Innate Abilities, Weirdness & Mutations

You cannot be hasted, slowed, berserked, paralysed or teleported.
You can dig through walls and to a lower floor.
You have a pair of large antennae on your head. (SInv)
Your four strong arms can wield two-handed weapons with a shield.
Your body has grown many eyes which may confuse attackers. (Acc +5)
Armour fits poorly on your massive pseudopods.
You have a small jelly attached to you that senses nearby items.
You have a small jelly attached to you that may absorb projectiles.


Message History

The water moccasin closely misses you.
You hit the water moccasin.
The water moccasin is moderately wounded.
The water moccasin barely misses you. The water moccasin bites you.
You completely miss the water moccasin. You bludgeon the water moccasin.
The water moccasin is heavily wounded.
The water moccasin closely misses you. You block the water moccasin's attack.
You barely miss the water moccasin.
The water moccasin is heavily wounded.
You block the water moccasin's attack.
You barely miss the water moccasin.
Your bludgeon misses the water moccasin.
The water moccasin is heavily wounded.
You block the water moccasin's attack.
You barely miss the water moccasin. You bludgeon the water moccasin!
The water moccasin is almost dead.
The water moccasin bites you but does no damage.
The water moccasin bites you.
You puncture the water moccasin!
You kill the water moccasin!
Your Fighting skill increases to level 5!
Your Armour skill increases to level 5!
Your Shields skill increases to level 6!
You hit the ogre.
The ogre is moderately wounded.
The ogre hits you with a +0 giant club!
You hit the ogre but do no damage.
The ogre is moderately wounded.
You closely miss the ogre.
The ogre is moderately wounded.
The ogre hits you with a +0 giant club!
You hit the ogre.
The ogre is heavily wounded.
The ogre hits you with a +0 giant club!!
* * * LOW HITPOINT WARNING * * *
You shudder from the blow and a jelly pops out!
You hit the ogre but do no damage.
The ogre is heavily wounded.
The ogre hits you with a +0 giant club!!
You die...

#....................{.......#.#
###..###............{......#.#.#
#...#####.#.###..#.#.##..#.#.#
#..............J.#.#.##..#.#.#
#...#####.###>...........#.#.#
#...# #.# #......#.###>#.#..
#...#####.# #.#......###.#.###
#.........# #O#....{..........
#...#########@#...J...........
#...# #...J.................
#...# ####................J.
#...# #...##..#.###....## #...#
#...##..#.#...#....
#...########...##..#....J...##
#.......................J.....
#...########.#.##..#.###......
#...........................##


You could see an ogre (ally target), a neutral jelly (wandering) (fellow slime)
and a friendly rockslime (summoned).

Vanquished Creatures
  A water moccasin (D:5)
  Duvessa (D:4)
  An ice beast (D:5)
  A bullfrog (D:4)
  3 scorpions
  Dowan (D:4)
  Ijyb (D:4)
  3 orc wizards
  3 iguanas
  2 adders (D:3)
  An ufetubus (D:4)
  A dart slug (D:2)
  10 orcs
  An endoplasm (D:1)
  4 goblins
  2 hobgoblins
  4 kobolds
  2 quokkas (D:1)
  5 ball pythons
  6 bats
  3 frilled lizards
  A rat (D:1)
57 creatures vanquished.

Vanquished Creatures (collateral kills)
  A gnoll (D:4)
1 creature vanquished.

Vanquished Creatures (others)
  A scorpion (D:4)
  2 jellies (D:4)
  An iguana (D:5)
  An orc wizard (D:4)
  4 adders
  3 gnolls (D:4)
  8 orcs
  2 bats
  A giant cockroach (D:2)
  A goblin (D:3)
  3 hobgoblins
  6 jackals
  A kobold (D:3)
  2 ball pythons (D:2)
  A frilled lizard (D:2)
  2 rats (D:2)
39 creatures vanquished.

Grand Total: 97 creatures vanquished

Notes
Turn   | Place    | Note
-------+----------+-------------------------------------------
     0 | D:1      | heikuro the Formicid Fighter began the quest for the Orb.
     0 | D:1      | Reached XP level 1. HP: 18/18 MP: 1/1
   128 | D:1      | Reached XP level 2. HP: 24/24 MP: 2/2
   420 | D:1      | Found a faded altar of an unknown god.
   511 | D:1      | Prayed at the altar of an unknown god.
   511 | D:1      | Became a worshipper of Jiyva Jacae the Shapeless
   511 | D:1      | Reached * piety under Jiyva
   925 | D:2      | You fall into a shaft and drop 2 floors!
   954 | D:3      | Reached XP level 3. HP: 29/29 MP: 3/3
  1058 | D:2      | Reached ** piety under Jiyva
  2066 | D:3      | Found an ornate altar of the Wu Jian Council.
  2074 | D:3      | Reached *** piety under Jiyva
  2076 | D:3      | Found a snail-covered altar of Cheibriados.
  2128 | D:3      | Gained mutation: You have a small jelly attached to you
                  | that senses nearby items. [Jiyva's grace]
  2128 | D:3      | Gained mutation: Your body has grown eyes which may confuse
                  | attackers. (Acc +3) [Jiyva's grace]
  2128 | D:3      | Gained mutation: Your body has grown many eyes which may
                  | confuse attackers. (Acc +5) [Jiyva's grace]
  2128 | D:3      | Gained mutation: Your body is covered in eyes which may
                  | confuse attackers. (Acc +7, SInv) [Jiyva's grace]
  2182 | D:3      | Reached skill level 1 in Evocations
  2182 | D:3      | Reached XP level 4. HP: 37/37 MP: 4/4
  2685 | D:4      | Noticed Ijyb
  2707 | D:4      | Killed Ijyb
  2738 | D:4      | Reached XP level 5. HP: 31/42 MP: 5/5
  2751 | D:4      | Noticed a bullfrog
  2766 | D:4      | Killed a bullfrog
  2767 | D:4      | Reached skill level 5 in Shields
  2767 | D:4      | Reached XP level 6. HP: 21/48 MP: 6/6
  2780 | D:4      | Reached **** piety under Jiyva
  2946 | D:4      | Noticed Dowan
  2947 | D:4      | Noticed Duvessa
  2951 | D:4      | Killed Dowan
  2964 | D:4      | Killed Duvessa
  2965 | D:4      | Reached XP level 7. HP: 55/55 MP: 7/7
  3215 | D:5      | Entered Level 5 of the Dungeon
  3439 | D:5      | Lost mutation: Your body is covered in eyes which may
                  | confuse attackers. (Acc +7, SInv) [Jiyva's grace]
  3439 | D:5      | Gained mutation: You have a small jelly attached to you
                  | that may absorb projectiles. [Jiyva's grace]
  3439 | D:5      | Gained mutation: Armour fits poorly on your pseudopods.
                  | [Jiyva's grace]
  3439 | D:5      | Gained mutation: Armour fits poorly on your large
                  | pseudopods. [Jiyva's grace]
  3439 | D:5      | Gained mutation: Armour fits poorly on your massive
                  | pseudopods. [Jiyva's grace]
  3589 | D:5      | Reached ***** piety under Jiyva
  4115 | D:6      | Noticed a water moccasin
  4128 | D:5      | Reached skill level 5 in Polearms
  4128 | D:5      | Reached XP level 8. HP: 61/61 MP: 8/8
  4145 | D:5      | Reached skill level 5 in Fighting
  4145 | D:5      | Reached skill level 5 in Armour
  4145 | D:5      | Reached skill level 6 in Shields
  4149 | D:5      | Demolished by an ogre

Illustrated notes

Levels and vault maps discovered:
D:1:      roderic_crossed_star, layout_basic, dilly_ecumenical_altar_fadedgnrine
D:2:      layout_basic, minmay_misc_feat_room, hangedman_decor_diamond_cutter,
          minmay_tromino_v4_a
D:3:      layout_loops_corners, nicolae_wu_jian_wuxing_cycle,
          mainiacjoe_overflow_alcove_1
D:4:      layout_cave_pools, uniq_duvessa, uniq_ijyb
D:5:      layout_basic
D:6:      layout_basic, grunt_temple_overflow_magic_moments, marbit_many_paths,
          mainiacjoe_overflow_large_starburst, okawaru_altar_gauntlet_db,
          minmay_temple_entry_grid, uniq_maggie

Skill      XL: |  1  2  3  4  5  6  7  8 |
---------------+-------------------------+-----
Evocations     | 1 2 3 |  3.3
Polearms       | 3 4 5 |  5.3
Armour         | 4 5 |  5.1
Fighting       | 4 5 |  5.0
Shields        | 5 6 |  6.0

Action                   |  1- 3 |  4- 6 |  7- 9 || total
-------------------------+-------+-------+-------++-------
Melee: Trident           |    97 |    71 |    74 ||   242
       Pseudopods        |       |       |     6 ||     6
  Use: Potion            |       |     1 |       ||     1
 Stab: Confused          |       |     5 |     2 ||     7
Armor: Scale mail        |    46 |    24 |       ||    70
       Ring mail         |       |       |    17 ||    17
Dodge: Dodged            |    55 |    24 |    33 ||   112
Block: Buckler           |    28 |    13 |    24 ||    65

Table legend: (Time is in decaauts)
 A = Elapsed time spent in this place.
 B = Non-inter-level travel time spent in this place.
 C = Inter-level travel time spent in this place.
 D = Time resting spent in this place.
 E = Time spent auto-exploring this place.
 F = Levels seen in this place.
 G = Mean time per level.
                   A        B        C        D        E       F      G
               +--------+--------+--------+--------+--------+-----+--------+
         Total |   4188 |   3999 |    189 |      0 |   3050 |   6 |  698.0 |
       Dungeon |   4188 |   3999 |    189 |      0 |   3050 |   6 |  698.0 |
               +--------+--------+--------+--------+--------+-----+--------+

Top non-repeatable levels by time:
     D:2: 1129 daAuts
     D:3: 942 daAuts
     D:5: 915 daAuts
     D:1: 600 daAuts
     D:4: 593 daAuts
     D:6: 8 daAuts
